 Dungeon Crawl Stone Soup version 0.19.0-22-gd96e5fe (webtiles) character file.

5191 muxecoid the Destroyer (level 10, 0/65 HPs)
             Began as a High Elf Wanderer on Nov 19, 2016.
             Was a Believer of Sif Muna.
             Slain by a troll (10 damage)
             ... on level 9 of the Dungeon.
             The game lasted 01:06:47 (14824 turns).

muxecoid the Destroyer (High Elf Wanderer)         Turns: 14824, Time: 01:06:49

Health: 0/65       AC:  3    Str: 13    XL:     10   Next: 34%
Magic:  11/20      EV: 14    Int: 16    God:    Sif Muna [**....]
Gold:   431        SH:  0    Dex: 17    Spells: 5 memorised, 5 levels left

rFire  . . .     SeeInvis .     B - +1 arbalest
rCold  . . .     Gourm    +     v - +0 robe
rNeg   . . .     Faith    .     (shield currently unavailable)
rPois  .         Spirit   .     (no helmet)
rElec  .         Reflect  .     (no cloak)
rCorr  .         Harm     .     (no gloves)
MR     +....                    C - +0 pair of boots
Stlth  ++........               r - amulet of the gourmand
                                (no ring)
                                l - ring of wizardry

@: no status effects
A: no striking features
a: Divine Energy, Renounce Religion


You were on level 9 of the Dungeon.
You worshipped Sif Muna.
Sif Muna was pleased with you.
You were very full.

You visited 1 branch of the dungeon, and saw 9 of its levels.

You collected 431 gold pieces.

Inventory:

Hand Weapons
 c - a +0 hand crossbow
 g - a +0 short sword
 n - a +0 falchion
 s - a +0 great sword
 B - a +1 arbalest (weapon)
Missiles
 d - 5 bolts (quivered)
Armour
 a - a +2 leather armour
 k - a +2 scale mail of magic resistance
 o - a +2 scale mail of fire resistance
 v - a +0 robe (worn)
 C - a +0 pair of boots (worn)
Jewellery
 l - a ring of wizardry (left hand)
 r - an amulet of the gourmand (around neck)
Wands
 y - a wand of paralysis (13/24)
 A - a wand of random effects (21/48)
 D - a wand of confusion (9/48)
 L - a wand of digging (16/24)
Scrolls
 e - 8 scrolls of identify
 p - a scroll of teleportation
 w - 2 scrolls of random uselessness {unknown}
 E - 2 scrolls of magic mapping {unknown}
 F - 4 scrolls of remove curse
 I - 2 scrolls of blinking
 K - a scroll of fog
Potions
 j - a potion of agility
 m - a potion of brilliance
 u - a potion of invisibility {unknown}
 x - a potion of ambrosia {unknown}
 z - 2 potions of heal wounds {unknown}
 G - a potion of might
 H - 2 potions of curing {unknown}
 J - a potion of berserk rage
 Q - a potion of magic {unknown}
Books
 b - a Young Poisoner's Handbook

   Spells                             Type                      Level
   a - Sting                          Conjuration/Poison           1
   b - Mephitic Cloud                 Conjuration/Poison/Air       3
   c - Olgreb's Toxic Radiance        Poison                       4
   d - Alistair's Intoxication        Transmutation/Poison         5
   e - Venom Bolt                     Conjuration/Poison           5
 i - a book of Conjurations

   Spells                             Type                      Level
   a - Magic Dart                     Conjuration                  1
   b - Searing Ray                    Conjuration                  2
   c - Dazzling Spray                 Conjuration/Hexes            3
   d - Fulminant Prism                Conjuration/Hexes            4
   e - Iskenderun's Mystic Blast      Conjuration                  4
   f - Iskenderun's Battlesphere      Conjuration/Charms           5
 t - a book of Misfortune

   Spells                             Type                      Level
   a - Confusing Touch                Hexes                        1
   b - Confuse                        Hexes                        3
   c - Gell's Gravitas                Hexes/Translocation          3
   d - Petrify                        Transmutation/Earth          4
   e - Metabolic Englaciation         Hexes/Ice                    5
   f - Yara's Violent Unravelling     Hexes/Transmutation          5
 M - a book of Callings

   Spells                             Type                      Level
   a - Summon Small Mammal            Summoning                    1
   b - Call Imp                       Summoning                    2
   c - Call Canine Familiar           Summoning                    3
   d - Summon Guardian Golem          Hexes/Summoning              3
   e - Summon Lightning Spire         Summoning/Air                4
   f - Summon Ice Beast               Ice/Summoning                4
 R - a book of Clouds

   Spells                             Type                      Level
   a - Mephitic Cloud                 Conjuration/Poison/Air       3
   b - Conjure Flame                  Conjuration/Fire             3
   c - Poisonous Cloud                Conjuration/Poison/Air       6
   d - Freezing Cloud                 Conjuration/Ice/Air          6
   e - Ring of Flames                 Charms/Fire                  7
 U - a book of Air

   Spells                             Type                      Level
   a - Shock                          Conjuration/Air              1
   b - Swiftness                      Charms/Air                   2
   c - Repel Missiles                 Charms/Air                   2
   d - Static Discharge               Conjuration/Air              3
   e - Lightning Bolt                 Conjuration/Air              5
Comestibles
 f - 11 bread rations
 h - 2 meat rations
 q - 4 slices of pizza
 T - a fruit


   Skills:
 - Level 4.3 Fighting
 - Level 1.3(3.3) Short Blades
 - Level 4.8(5.0) Long Blades
 - Level 6.0 Crossbows
 + Level 1.0 Throwing
 - Level 3.3 Armour
 - Level 3.4 Dodging
 - Level 2.2 Stealth
 + Level 6.6 Spellcasting
 * Level 8.6 Conjurations
 - Level 2.3 Hexes
 - Level 0.1 Summonings
 + Level 6.8 Air Magic
 - Level 1.0 Poison Magic
 - Level 2.0 Evocations


You had 5 spell levels left.
You knew the following spells:

 Your Spells              Type           Power        Failure   Level  Hunger
a - Searing Ray           Conj           ####..       1%          2    None
b - Confuse               Hex            ##......     7%          3    ##.....
c - Mephitic Cloud        Conj/Pois/Air  ###.....     1%          3    ##.....
d - Summon Lightning Spi  Summ/Air       ###.....     14%         4    ####...
e - Lightning Bolt        Conj/Air       ####......   7%          5    #####..


Dungeon Overview and Level Annotations

Branches:
Dungeon (9/15)             Temple (0/1) D:7             Orc (0/2) D:9
   Lair: D:8-11

Altars:
Cheibriados
Dithmenos
Elyvilon
Gozag
Hepliaklqana
Makhleb
Nemelex Xobeh
Sif Muna
Vehumet
Xom

Shops:
D:4 =


Message History

Press: ? - help, Shift-Dir - straight line, f/p - troll
Aim: a troll The ball explodes into a vile cloud!
The stinking cloud engulfs the troll.
The troll is engulfed in noxious fumes.
Firing (i - inventory):
d - 6 bolts (quivered)
Press: ? - help, Shift-Dir - straight line, f/p - troll
Aim: a troll You shoot a bolt.
The bolt hits the troll.
The troll is lightly wounded.
Casting: Mephitic Cloud
Confirm with . or Enter, or press ? or * to list all spells.
Aiming: Confuse
Press: ? - help, Shift-Dir - straight line, f/p - troll
Aim: a troll (chance to defeat MR: 43%)
You miscast Confuse.
Sif Muna protects you from the effects of your miscast!
The troll bites you.
* * * LOW HITPOINT WARNING * * *
The troll barely misses you. The troll claws you!
You die...

#.........#
#.((......#
.#((.......# #
.(.(.......# .#
...........#####.#
...(.(>(..§§#.)(.#.#
....(.(((.§§§.......
#...)([(.(#§.####
#......@T)......#
#......)..##.##.#
#.........# .##.#
#........†# ....#
#####.###.# ###.# #.
#.#####.###
#.###(.....(..#
#.....###÷....#
#####.# #.....#


You could see a troll.

Vanquished Creatures
  Pikel (D:5)
  Prince Ribbit (D:8)
  2 wyverns (D:9)
  A spriggan (D:7)
  Eustachio (D:4)
  A hungry ghost (D:8)
  2 wargs
  A water moccasin (D:9)
  4 orc warriors
  A slave (D:5)
  An ice beast (D:5)
  A sky beast (D:7)
  2 black bears
  3 ogres
  3 centaurs
  6 bullfrogs
  4 scorpions
  A wyvern skeleton (D:9)
  A howler monkey (D:3)
  3 crimson imps
  4 orc priests
  3 hounds
  2 bullfrog skeletons
  2 jellies
  4 iguanas
  10 orc wizards
  Natasha (thrice) (D:4)
  13 worker ants
  Terence (D:2)
  A worker ant zombie (D:6)
  8 gnolls
  10 adders
  2 shadow imps (D:7)
  2 oozes (D:4)
  6 worms
  3 dart slugs
  6 leopard geckos
  44 orcs
  A ball python (D:2)
  7 bats
  2 giant cockroaches (D:1)
  7 hobgoblins
  13 jackals
  3 quokkas
  9 frilled lizards
  11 goblins
  6 kobolds
  A leopard gecko skeleton (D:7)
  2 quokka skeletons (D:7)
  10 rats
236 creatures vanquished.

Notes
Turn   | Place    | Note
-------+----------+-------------------------------------------
     0 | D:1      | muxecoid the High Elf Wanderer began the quest for the Orb.
     0 | D:1      | muxecoid set off with: a +2 leather armour, a potion of lignification, a +0 hand crossbow, 32 bolts, a bread ration
     0 | D:1      | Reached XP level 1. HP: 16/16 MP: 2/2
   289 | D:1      | Reached XP level 2. HP: 21/21 MP: 3/3
   717 | D:2      | Reached XP level 3. HP: 26/26 MP: 4/4
   864 | D:2      | Noticed Terence
   899 | D:2      | Killed Terence
  1423 | D:2      | Reached XP level 4. HP: 33/33 MP: 5/5
  2275 | D:3      | Reached skill level 1 in Short Blades
  2313 | D:3      | Reached XP level 5. HP: 33/37 MP: 6/6
  3207 | D:2      | Reached skill level 1 in Long Blades
  3678 | D:3      | Reached XP level 6. HP: 43/43 MP: 7/7
  4355 | D:3      | Found a burning altar of Makhleb.
  4356 | D:3      | Found a radiant altar of Vehumet.
  4824 | D:4      | Found a snail-covered altar of Cheibriados.
  4902 | D:4      | Noticed Eustachio
  4915 | D:4      | Killed Eustachio
  4915 | D:4      | Reached XP level 7. HP: 36/49 MP: 8/8
  5025 | D:5      | Entered Level 5 of the Dungeon
  5588 | D:5      | Learned a level 2 spell: Searing Ray
  5835 | D:4      | Noticed Pikel
  5835 | D:4      | Noticed Natasha
  5864 | D:4      | Found a sparkling altar of Nemelex Xobeh.
  5890 | D:4      | Reached skill level 1 in Spellcasting
  6404 | D:3      | Reached skill level 1 in Conjurations
  6680 | D:4      | Killed Natasha
  6807 | D:4      | Noticed Natasha
  6810 | D:4      | Killed Natasha
  6830 | D:4      | Reached skill level 2 in Conjurations
  6913 | D:4      | Found Woriodim's Jewellery Shoppe.
  6926 | D:4      | Noticed Natasha
  6929 | D:4      | Killed Natasha
  7081 | D:5      | Reached skill level 3 in Conjurations
  7081 | D:5      | Reached XP level 8. HP: 54/54 MP: 12/14
  7183 | D:5      | Learned a level 3 spell: Confuse
  7693 | D:5      | HP: 1/54 [iguana (12)]
  7911 | D:5      | Killed Pikel
  7911 | D:5      | Reached skill level 5 in Crossbows
  7911 | D:5      | Reached skill level 4 in Conjurations
  8190 | D:4      | Found an opulent altar of Gozag.
  8346 | D:5      | Learned a level 3 spell: Mephitic Cloud
  8760 | D:6      | Found a white marble altar of Elyvilon.
  8793 | D:6      | Reached skill level 5 in Conjurations
  8797 | D:6      | Reached skill level 1 in Air Magic
  8955 | D:6      | Reached XP level 9. HP: 59/59 MP: 10/16
  9001 | D:6      | Found a shadowy altar of Dithmenos.
  9054 | D:6      | Found a deep blue altar of Sif Muna.
  9061 | D:6      | Became a worshipper of Sif Muna the Loreminder
 10432 | D:7      | Reached skill level 1 in Poison Magic
 10438 | D:7      | Learned a level 4 spell: Summon Lightning Spire
 10461 | D:7      | Reached skill level 6 in Conjurations
 10710 | D:7      | Reached skill level 1 in Evocations
 11217 | D:7      | Reached * piety under Sif Muna
 11283 | D:7      | Found a staircase to the Ecumenical Temple.
 11288 | D:7      | Reached skill level 5 in Air Magic
 11296 | D:7      | Reached skill level 7 in Conjurations
 11792 | D:7      | Found a hazy altar of Hepliaklqana.
 12575 | D:8      | Reached skill level 5 in Spellcasting
 13178 | D:9      | Reached XP level 10. HP: 53/65 MP: 14/18
 13428 | D:8      | Reached ** piety under Sif Muna
 13664 | D:8      | Found a shimmering altar of Xom.
 13672 | D:8      | Noticed Prince Ribbit
 13684 | D:8      | Killed Prince Ribbit
 13684 | D:8      | Reached skill level 8 in Conjurations
 14664 | D:9      | Found a staircase to the Orcish Mines.
 14764 | D:9      | Learned a level 5 spell: Lightning Bolt
 14824 | D:9      | Slain by a troll

Skill      XL: |  1  2  3  4  5  6  7  8  9 10 |
---------------+-------------------------------+-----
Crossbows      | 3 4 6 |  6.0
Short Blades   | 1 |  1.3
Fighting       | 4 |  4.3
Armour         | 2 3 |  3.3
Long Blades    | 1 3 4 |  4.8
Dodging        | 3 |  3.4
Stealth        | 2 |  2.2
Spellcasting   | 3 4 5 6 |  6.6
Conjurations   | 3 5 7 8 |  8.6
Hexes          | 2 |  2.3
Air Magic      | 2 6 |  6.8
Poison Magic   | 1 |  1.0
Evocations     | 1 2 |  2.0
Throwing       | |  1.0
Summonings     | |  0.1

Action                   |  1- 3 |  4- 6 |  7- 9 | 10-12 || total
-------------------------+-------+-------+-------+-------++-------
Melee: Short sword       |    82 |   130 |       |       ||   212
       Falchion          |       |   137 |       |       ||   137
       Great sword       |       |    20 |   118 |    50 ||   188
 Fire: Hand crossbow     |    64 |    53 |    98 |    27 ||   242
       Arbalest          |       |       |   208 |    30 ||   238
 Cast: Searing Ray       |       |       |     3 |       ||     3
       Mephitic Cloud    |       |       |    23 |     7 ||    30
       Confuse           |       |       |     9 |     3 ||    12
       Lightning Bolt    |       |       |       |     1 ||     1
Evoke: Wand              |       |       |     5 |       ||     5
  Use: Potion            |     1 |     1 |       |     1 ||     3
       Scroll            |       |       |    11 |     6 ||    17
 Stab: Sleeping          |     1 |       |     2 |       ||     3
  Eat: Chunk             |     2 |    19 |    34 |    12 ||    67
       Fruit             |       |       |       |     1 ||     1
       Beef jerky        |       |       |       |     1 ||     1
Armor: Leather armour    |    16 |       |       |       ||    16
       Scale mail        |    15 |   137 |       |       ||   152
       Skin              |    10 |       |       |       ||    10
       Robe              |       |       |    22 |    11 ||    33
Dodge: Dodged            |    55 |   174 |   156 |    62 ||   447
       Rpst.: Falchion   |       |    21 |       |       ||    21
       Great sword       |       |     4 |    23 |    17 ||    44
